 Dungeon Crawl Stone Soup version 0.17.0-22-g5edae84 (webtiles) character file.

59 ketsa the Chopper (level 4, -6/40 HPs)
             Began as a Hill Orc Abyssal Knight on Nov 12, 2015.
             Was a Follower of Lugonu.
             Mangled by zkyp's ghost (9 damage)
             ... on level 4 of the Dungeon.
             The game lasted 00:06:26 (2153 turns).

ketsa the Chopper (Hill Orc Abyssal Knight)         Turns: 2153, Time: 00:06:26

Health: -6/40      AC:  3    Str: 17    XL:     4   Next: 3%
Magic:  6/6        EV: 11    Int: 12    God:    Lugonu [*.....]
Gold:   113        SH:  0    Dex: 12    Spells: 0 memorised, 3 levels left

rFire  x . .     SeeInvis .     a - +1 hand axe
rCold  + . .     Clarity  .     b - +0 leather armour
rNeg   . . .     SustAt   .     (no shield)
rPois  .         Gourm    .     (no helmet)
rElec  .         Spirit   .     (no cloak)
rCorr  .         Warding  .     (no gloves)
rMut   .         Stasis   .     (no boots)
MR     .....                    (no amulet)
Stlth  +.........               (no ring)
                                q - ring of ice

@: not resistant to hostile enchantments, very unstealthy
A: agile 1, screaming 1, strong 1
a: Depart the Abyss, Renounce Religion


You were on level 4 of the Dungeon.
You worshipped Lugonu.
Lugonu was aware of your devotion.
You were not hungry.

You visited 1 branch of the dungeon, and saw 3 of its levels.
You visited the Abyss 1 time.

You collected 113 gold pieces.

Inventory:

Hand Weapons
 a - a +1 hand axe (weapon)
 j - a +0 vampiric dagger
Missiles
 e - 3 tomahawks (quivered)
 g - 8 poisoned needles
 p - 74 stones
Armour
 b - a +0 leather armour (worn)
Jewellery
 q - a ring of ice (left hand)
Scrolls
 d - a scroll of noise
 f - a scroll of remove curse
 k - 2 scrolls of identify
Potions
 o - a potion of agility
Comestibles
 c - 3 bread rations
 h - a meat ration
 l - a fruit


   Skills:
 + Level 4.0 Fighting
 * Level 4.0 Axes
 + Level 2.5 Armour
 - Level 0.7 Dodging
 + Level 3.6 Invocations


You had 3 spell levels left.
You didn't know any spells.

Dungeon Overview and Level Annotations

Branches:
Dungeon (4/15)
 Temple: D:4-7

Altars:
Gozag

Annotations:
D:4 zkyp's ghost, amateur DgHu


Innate Abilities, Weirdness & Mutations

You are agile. (Dex +2)
You occasionally shout uncontrollably at your foes.
Your muscles are strong. (Str +2)


Message History

* * * LOW HITPOINT WARNING * * *
You hit zkyp's ghost.
Zkyp's ghost is lightly damaged.
Zkyp's ghost closely misses you.
You hit zkyp's ghost but do no damage.
Zkyp's ghost is lightly damaged.
Zkyp's ghost hits you.
* * * LOW HITPOINT WARNING * * *
You barely miss zkyp's ghost.
Zkyp's ghost is lightly damaged.
Zkyp's ghost barely misses you.
You hit zkyp's ghost but do no damage.
Zkyp's ghost is lightly damaged.
You hit the ogre but do no damage.
Zkyp's ghost hits you but does no damage.
The ogre closely misses you.
You hit zkyp's ghost but do no damage.
Zkyp's ghost is lightly damaged.
You closely miss the ogre. Zkyp's ghost hits you!
You die...

#....#...#...#.....#...#...(.#
#....#..###..#.....#####.....#
#....#..###..#.............###
#....#.......#.............#
#....#.......#.............#
#....'..##...#.............#
#....#####...#......#####....#
###.......#...#..O...# ....#
..#.......#...'W@....# ....#
..#.......#####......# ....#
..#.............###### ###..
###.............#....#
................#....# #...
................#..### ###...
................#'## #....#
................#..# #....#
................'..# #....#


You could see an ogre and zkyp's ghost.

Vanquished Creatures
  2 adders
  2 worms (D:2)
  A giant gecko (D:1)
  7 bats
  A giant cockroach (D:1)
  2 goblins (D:1)
  5 hobgoblins
  6 kobolds
  A ball python skeleton (D:4)
  2 giant newts
  5 rats
34 creatures vanquished.

Notes
Turn   | Place    | Note
--------------------------------------------------------------
     0 | Abyss:1  | ketsa the Hill Orc Abyssal Knight began the quest for the Orb.
     0 | Abyss:1  | Reached XP level 1. HP: 19/19 MP: 2/2
    65 | D:1      | Escaped the Abyss
   120 | D:1      | Reached XP level 2. HP: 19/26 MP: 2/4
   562 | D:1      | Reached * piety under Lugonu
   708 | D:1      | Reached XP level 3. HP: 30/33 MP: 5/5
  1292 | D:2      | Found an opulent altar of Gozag.
  1345 | D:2      | Reached skill level 4 in Axes
  1866 | D:2      | Reached XP level 4. HP: 35/40 MP: 6/6
  1902 | D:2      | You fall through a shaft for 2 floors!
  1907 | D:4      | Noticed an ogre
  2053 | D:4      | Noticed zkyp's ghost (amateur DgHu)
  2116 | D:4      | Gained mutation: You are agile. (Dex +2) [potion of mutation]
  2116 | D:4      | Gained mutation: You occasionally shout uncontrollably at your foes. [potion of mutation]
  2116 | D:4      | Gained mutation: Your muscles are strong. (Str +2) [potion of mutation]
  2150 | D:4      | HP: 2/40 [zkyp's ghost (2)]
  2153 | D:4      | Mangled by zkyp's ghost

Action                   |  1- 3 |  4- 6 || total
-------------------------+-------+-------++-------
Melee: Hand axe          |   121 |    19 ||   140
Throw: Tomahawk          |     6 |       ||     6
       Stone             |     4 |       ||     4
Invok: Depart the Abyss  |     1 |       ||     1
  Use: Potion            |     1 |     1 ||     2
       Scroll            |       |     5 ||     5
  Eat: Chunk             |     3 |     1 ||     4
